 Dungeon Crawl Stone Soup version 0.18-a0-1350-g404b4cb (webtiles) character file.

497 Doomer the Slasher (level 6, -7/56 HPs)
             Began as a Minotaur Berserker on Feb 18, 2016.
             Was a Priest of Trog.
             Killed by divine providence
             ... invoked by an orc priest
              (16 damage)
             ... on level 4 of the Dungeon.
             The game lasted 00:17:14 (2951 turns).

Doomer the Slasher (Minotaur Berserker)             Turns: 2951, Time: 00:17:14

Health: -7/56      AC:  4    Str: 22    XL:     6   Next: 93%
Magic:  5/5        EV: 13    Int:  4    God:    Trog [***...]
Gold:   141        SH:  0    Dex: 11    Spells: 0 memorised, 5 levels left

rFire  . . .     SeeInvis .     a - +0 falchion
rCold  + . .     Gourm    +     A - +1 leather armour {rF+}
rNeg   . . .     Faith    .     (no shield)
rPois  .         Spirit   .     (helmet restricted)
rElec  .         Dismiss  .     k - -1 cloak (curse)
rCorr  .         Reflect  .     (no gloves)
SustAt .         Harm     .     (no boots)
MR     ++...                    z - amulet of the gourmand
Stlth  ++........               w - ring of stealth
                                d - ring of ice

@: lethally poisoned (-7 -> -8), regenerating, very resistant to hostile
enchantments, unstealthy
A: retaliatory headbutt, horns 2
a: Berserk, Trog's Hand, Burn Spellbooks, Renounce Religion


You were on level 4 of the Dungeon.
You worshipped Trog.
Trog was most pleased with you.
You were near starving.

You visited 1 branch of the dungeon, and saw 4 of its levels.

You collected 141 gold pieces.

Inventory:

Hand Weapons
 a - a +0 falchion (weapon)
Missiles
 b - 8 tomahawks (quivered)
Armour
 g - a +0 leather armour
 k - a cursed -1 cloak (worn)
 t - a +0 scale mail
 A - a +1 leather armour of fire resistance (worn)
Jewellery
 d - a ring of ice (left hand)
 w - a ring of stealth (right hand)
 z - an amulet of the gourmand (around neck)
Wands
 p - a wand of random effects (32/48)
 r - a wand of slowing (16/48)
 B - a wand of acid (4/15)
Scrolls
 h - a scroll of amnesia {unknown}
 n - 2 scrolls of enchant weapon {unknown}
 o - 2 scrolls of identify {unknown}
 q - 2 scrolls of teleportation
 s - a scroll of fear {unknown}
 u - a scroll of remove curse {unknown}
 v - a scroll of immolation {unknown}
 x - a scroll of blinking {unknown}
 y - a scroll of enchant armour {unknown}
 C - a scroll of magic mapping {unknown}
Potions
 e - a potion of lignification {unknown}
 i - a potion of resistance {unknown}
 j - a potion of heal wounds
 l - 2 potions of degeneration {unknown}
 m - 2 potions of curing {unknown}
Comestibles
 c - a bread ration
 f - 2 meat rations


   Skills:
 + Level 5.3 Fighting
 + Level 5.5 Long Blades
 + Level 4.2 Armour
 + Level 5.2 Dodging
 + Level 1.0 Stealth


You had 5 spell levels left.
You didn't know any spells.

Dungeon Overview and Level Annotations

Branches:
Dungeon (4/15)
 Temple: D:4-7

Altars:


Innate Abilities, Weirdness & Mutations

You reflexively headbutt those who attack you in melee.
You have a pair of horns on your head.


Message History

You barely miss the orc priest. Your headbutt misses the orc priest.
The orc priest is moderately wounded.
The worker ant bites you.
* * * LOW HITPOINT WARNING * * *
You are more poisoned.
The worker ant poisons you! The orc priest closely misses you.
You furiously retaliate!
You headbutt the orc priest! The orc hits you with a flail.
* * * LOW HITPOINT WARNING * * *
The worker ant misses you. You furiously retaliate!
You headbutt the worker ant, but do no damage.
You feel sick.
The orc priest calls down the wrath of Beogh upon you.
You resist with almost no effort. The orc misses you. You furiously retaliate!
You headbutt the orc.
You kill the orc!
Trog accepts your kill.
The orc priest invokes the aid of Beogh against you.
Beogh smites you!
You die...

#.......# ##.######
#.# #.# #.# #.#
######## #.#
#......# #.# #.#
#.# #.# #.# #@# #
#.####.####.###....
#......#...a)......
########...o)....#.
#........##
#..$<...##
#......## ###...##
#..##


You could see a worker ant and an orc priest.

Vanquished Creatures
  Eustachio (D:4)
  A scorpion (D:4)
  An orc priest (D:4)
  An orc wizard (D:4)
  Natasha (thrice) (D:2)
  A worker ant (D:4)
  4 adders
  An ooze (D:1)
  An adder skeleton (D:4)
  A worm (D:3)
  2 giant geckos (D:1)
  21 orcs
  7 bats
  4 giant cockroaches
  9 goblins
  5 hobgoblins
  13 jackals
  3 quokkas
  A ball python (D:1)
  8 giant newts
  5 kobolds
  7 rats
100 creatures vanquished.

Notes
Turn   | Place    | Note
--------------------------------------------------------------
     0 | D:1      | Doomer the Minotaur Berserker began the quest for the Orb.
     0 | D:1      | Reached XP level 1. HP: 19/19 MP: 0/0
   125 | D:1      | Reached skill level 4 in Long Blades
   125 | D:1      | Reached XP level 2. HP: 13/27 MP: 1/1
   431 | D:1      | Reached ** piety under Trog
   503 | D:1      | Reached XP level 3. HP: 33/33 MP: 2/2
   688 | D:2      | Noticed Natasha
   697 | D:2      | Killed Natasha
   774 | D:2      | Reached XP level 4. HP: 37/41 MP: 3/3
  1022 | D:2      | Noticed Natasha
  1029 | D:2      | Killed Natasha
  1029 | D:2      | Reached skill level 5 in Long Blades
  1284 | D:2      | Noticed Natasha
  1288 | D:2      | Killed Natasha
  1288 | D:2      | Reached XP level 5. HP: 21/47 MP: 4/4
  1833 | D:3      | Reached *** piety under Trog
  2423 | D:4      | Noticed Eustachio
  2439 | D:4      | Killed Eustachio
  2439 | D:4      | Reached skill level 5 in Fighting
  2439 | D:4      | Reached XP level 6. HP: 47/56 MP: 5/5
  2859 | D:4      | Reached skill level 1 in Stealth
  2862 | D:4      | Reached skill level 5 in Dodging
  2951 | D:4      | Killed from afar by an orc priest

Vault maps used:
D:1:      onia_arrival_larder
D:2:      serial_bayou_lagoon_a, uniq_natasha
D:4:      gup_ossuary_entry_pyramid, uniq_eustachio

Action                   |  1- 3 |  4- 6 || total
-------------------------+-------+-------++-------
Melee: Falchion          |    67 |   180 ||   247
Invok: Trog's Hand       |       |     2 ||     2
       Berserk           |       |     1 ||     1
  Use: Scroll            |       |     1 ||     1
       Potion            |       |     1 ||     1
 Stab: Sleeping          |       |     2 ||     2
  Eat: Bread ration      |       |     1 ||     1
       Chunk             |       |     3 ||     3
